 Dungeon Crawl Stone Soup version 0.23.2-11-gf996548c65 (webtiles) character file.

Game seed: 9261284416782156539

4232 imightbebored the Blocker (level 10, -3/88 HPs)
             Began as a Minotaur Fighter on May 16, 2019.
             Was a Follower of Trog.
             Killed from afar by Erica (16 damage)
             ... with an orb of energy
             ... on level 9 of the Dungeon on June 4, 2019.
             The game lasted 02:03:29 (7068 turns).

imightbebored the Blocker (Minotaur Fighter)        Turns: 7068, Time: 02:03:29

Health: -3/88      AC: 20    Str: 26    XL:     10   Next: 9%
Magic:  8/8        EV:  7    Int:  5    God:    Trog [*.....]
Gold:   260        SH: 18    Dex: 11    Spells: 9/9 levels left

rFire    . . .     SeeInvis .   S - +1 rapier
rCold    . . .     Gourm    .   c - +0 shield
rNeg     . . .     Faith    .   F - +1 plate armour
rPois    .         Spirit   .   (helmet restricted)
rElec    .         Reflect  +   C - +0 cloak
rCorr    .         Harm     .   q - +0 pair of gloves
MR       .....     Rnd*Rage +   w - +0 pair of boots
Stlth    ..........             K - +6 amulet of reflection
HPRegen  0.24/turn              g - +3 ring of strength
MPRegen  0.11/turn              T - +2 ring of protection

@: slowed, very slow
A: retaliatory headbutt, horns 2, berserk 1, low mp 1, MP-powered wands
a: Berserk, Renounce Religion


You were on level 9 of the Dungeon.
You worshipped Trog.
Trog was aware of your devotion.
You were not hungry.

You visited 2 branches of the dungeon, and saw 9 of its levels.

You collected 260 gold pieces.

Inventory:

Hand Weapons
 a - a +1 long sword
 e - a cursed -3 hand axe
 i - a +0 spear
 m - a +0 club
 p - a +0 spear
 v - a +0 club
 x - a +3 vampiric falchion
 B - a +0 shortbow
 D - a +0 giant spiked club
 G - a +1 halberd of venom
 J - a cursed -2 flail
 M - a +0 arbalest
 N - a +0 dire flail
 S - a +1 rapier (weapon)
 Y - a +0 giant club
Missiles
 h - 68 sling bullets
 k - 72 poisoned needles
 n - 175 arrows
 s - 149 stones (quivered)
 y - 30 bolts
Armour
 b - a +0 scale mail
 c - a +0 shield (worn)
 j - a +0 scale mail
 q - a +0 pair of gloves (worn)
 r - a +0 helmet
 t - a +3 leather armour
 w - a +0 pair of boots (worn)
 z - a +2 scale mail
 C - a +0 cloak (worn)
 F - a +1 plate armour (worn)
 I - a cursed +0 leather armour
 O - a +0 chain mail
 X - a +0 ring mail
 Z - a +2 leather armour of magic resistance
Jewellery
 g - a +3 ring of strength (left hand)
 K - a +6 amulet of reflection (around neck)
 P - an uncursed amulet of harm
 R - an uncursed ring of see invisible
 T - a +2 ring of protection (right hand)
Wands
 H - a wand of digging (5)
 W - a wand of flame (6)
Scrolls
 l - 3 scrolls of teleportation
 o - 4 scrolls of remove curse
 u - 2 scrolls of fog
 E - 3 scrolls of identify
 L - a scroll of amnesia
 Q - 2 scrolls of enchant armour
Potions
 d - a potion of agility
 A - 2 potions of might
Comestibles
 f - 5 rations


   Skills:
 + Level 7.9 Fighting
 + Level 7.7(9.0) Short Blades
 + Level 7.8(9.5) Long Blades
 + Level 7.4 Armour
 + Level 2.3 Dodging
 - Level 0.5 Stealth
 + Level 9.6 Shields


You had 9 spell levels left.
You didn't know any spells.
Your spell library contained the following spells:

 Spells                   Type           Power        Failure   Level  Hunger
 Corona                   Hex            #......      100%        1    ##.....
 Ensorcelled Hibernation  Hex/Ice        #.....       100%        2    ###....
 Confuse                  Hex            #.......     100%        3    ####...
 Dazzling Spray           Conj/Hex       #.....       100%        3    ####...
 Tukima's Dance           Hex            #.......     100%        3    ####...


Dungeon Overview and Level Annotations

Branches:
Dungeon (9/15)             Temple (1/1) D:7
   Lair: D:8-11         Orc: D:9-12

Altars:
Ashenzari
Cheibriados
Dithmenos
Fedhas
Gozag
Hepliaklqana
Kikubaaqudgha
Makhleb
Nemelex Xobeh
Okawaru
Qazlal
Ru
Sif Muna
Trog
Uskayaw
Vehumet
Wu Jian
Xom
Yredelemnul
Zin
The Shining One

Shops:
D:6 (

Annotations:
D:9 Erica


Innate Abilities, Weirdness & Mutations

You reflexively headbutt those who attack you in melee.
You have a pair of horns on your head.
You tend to lose your temper in combat.
Your magical capacity is low. (-10% MP)
You expend magic power (3 MP) to strengthen your wands.


Message History

You resist with significant effort. You block the howler monkey's attack.
Erica gestures wildly while chanting.
Erica flickers and vanishes!
The howler monkey closely misses you. x2
You puncture the howler monkey!
You kill the howler monkey!
Trog accepts your kill. You block the howler monkey's attack.
You block the howler monkey's attack. Something hits you but does no damage.
The howler monkey hoots and howls with incredible vigour!
You block the howler monkey's attack.
You hear a shout!
You hear a bark!
You hear some strange, mumbled words.
You feel as though you will be slow longer.
The howler monkey hoots and howls with incredible vigour!
You hear a bark!
You hear a shout!
You hear a bark!
You hear some strange, mumbled words.
An orb of energy appears from out of thin air!
The orb of energy hits you!
You die...

.# ###### .#
#....######### .#
#....#.......#
.###....#.......#
......@.........#
#.......#.......#
#....@..#.......#
#...h####....h..##
#....####.......@#
#.........######)##
###.......# #..#
##.......# ##.##
......../.# #..#
..........# ##.##
..........# #..#
..........# ##(##
...######## #..#


You could see a howler monkey.

Vanquished Creatures
  Harold (D:7)
  Joseph (D:7)
  A troll (D:7)
  A wyvern (D:8)
  A water moccasin (D:7)
  Purgy (D:4)
  2 sky beasts (D:8)
  3 black bears
  5 orc warriors
  3 ogres
  2 centaurs
  2 big kobolds (D:8)
  2 bullfrogs
  A water moccasin zombie (D:8)
  6 howler monkeys
  2 crimson imps
  A centaur zombie (D:6)
  A hound (D:4)
  2 orc priests (D:8)
  4 orc wizards
  A centaur skeleton (D:8)
  An iguana (D:4)
  Jessica (D:3)
  Ijyb (D:4)
  4 worker ants
  A hound skeleton (D:4)
  A howler monkey zombie (D:8)
  A worker ant zombie (D:6)
  A howler monkey skeleton (D:7)
  8 adders
  A shadow imp (D:9)
  An ooze (D:3)
  A worm (D:3)
  3 dart slugs
  5 leopard geckos
  18 orcs
  2 giant cockroaches
  8 hobgoblins
  12 jackals
  17 kobolds
  3 quokkas
  3 ball pythons
  10 bats
  4 frilled lizards
  6 goblins
  A quokka skeleton (D:7)
  7 rats
164 creatures vanquished.

Notes
Turn   | Place    | Note
-------+----------+-------------------------------------------
     0 | D:1      | imightbebored the Minotaur Fighter began the quest for the
                  | Orb.
     0 | D:1      | Reached XP level 1. HP: 19/19 MP: 0/0
   247 | D:1      | Reached XP level 2. HP: 27/27 MP: 1/1
   849 | D:2      | Reached skill level 4 in Shields
   851 | D:2      | Reached XP level 3. HP: 31/33 MP: 2/2
  1830 | D:3      | Reached XP level 4. HP: 41/41 MP: 3/3
  1969 | D:3      | Noticed a centaur
  1974 | D:3      | Killed a centaur
  1974 | D:3      | Reached XP level 5. HP: 23/47 MP: 4/4
  2171 | D:3      | Noticed an ogre
  2181 | D:3      | Killed an ogre
  2181 | D:3      | Reached skill level 1 in Dodging
  2388 | D:3      | Reached skill level 5 in Armour
  2391 | D:3      | Noticed Jessica
  2406 | D:3      | Killed Jessica
  2406 | D:3      | Reached XP level 6. HP: 53/55 MP: 5/5
  2899 | D:4      | Noticed Ijyb
  2902 | D:4      | Paralysed by Ijyb for 5 turns
  2914 | D:4      | Killed Ijyb
  3018 | D:4      | Gained mutation: You tend to lose your temper in combat.
                  | [potion of mutation]
  3018 | D:4      | Gained mutation: Your magical capacity is low. (-10% MP)
                  | [potion of mutation]
  3018 | D:4      | Gained mutation: You expend magic power (3 MP) to
                  | strengthen your wands. [potion of mutation]
  3123 | D:4      | Noticed Purgy
  3133 | D:4      | Killed Purgy
  3133 | D:4      | Reached skill level 5 in Fighting
  3133 | D:4      | Reached skill level 5 in Long Blades
  3133 | D:4      | Reached skill level 5 in Shields
  3292 | D:4      | You fall through a shaft for 2 floors!
  3294 | D:6      | Found Usemohaor's Antique Weapon Boutique.
  3322 | D:6      | Noticed an orc warrior
  3340 | D:6      | Killed an orc warrior
  3340 | D:6      | Reached XP level 7. HP: 61/61 MP: 5/5
  3775 | D:6      | Found a deep blue altar of Sif Muna.
  3850 | D:6      | Reached skill level 6 in Shields
  4312 | D:7      | Noticed Harold
  4345 | D:7      | Killed Harold
  4345 | D:7      | Reached skill level 7 in Shields
  4345 | D:7      | Reached XP level 8. HP: 30/71 MP: 6/6
  4689 | D:7      | Noticed a troll
  4715 | D:7      | Killed a troll
  4715 | D:7      | Reached skill level 8 in Shields
  4848 | D:7      | Reached XP level 9. HP: 78/78 MP: 7/7
  4863 | D:7      | Found a staircase to the Ecumenical Temple.
  4874 | Temple   | Entered the Ecumenical Temple
  5188 | Temple   | Became a worshipper of Trog the Wrathful
  5467 | D:7      | Found a glowing golden altar of the Shining One.
  5467 | D:7      | You fall through a shaft!
  5538 | D:7      | Noticed Joseph
  5557 | D:7      | Killed Joseph
  5557 | D:7      | Reached skill level 5 in Short Blades
  5756 | D:7      | Found an iron altar of Okawaru.
  5825 | D:7      | Upgraded the game from 0.23.2-1-ga50397a6bc to
                  | 0.23.2-11-gf996548c65
  5859 | D:8      | Reached skill level 9 in Shields
  5952 | D:8      | Reached * piety under Trog
  6763 | D:9      | Reached XP level 10. HP: 85/88 MP: 8/8
  6974 | D:9      | Noticed Erica
  7025 | D:9      | HP: 4/88 [poisoned by Erica (bolt of poison)]
  7068 | D:9      | Killed from afar by Erica

Skill      XL: |  1  2  3  4  5  6  7  8  9 |
---------------+----------------------------+-----
Fighting       | 4 5 6 7 |  7.9
Armour         | 4 5 6 7 |  7.4
Shields        | 4 5 7 8 9 |  9.6
Long Blades    | 3 4 5 7 |  7.8
Dodging        | 1 2 |  2.3
Short Blades   | 3 7 |  7.7
Stealth        | |  0.5

Action                   |  1- 3 |  4- 6 |  7- 9 | 10-12 || total
-------------------------+-------+-------+-------+-------++-------
Melee: Long sword        |    88 |    98 |    87 |       ||   273
       Headbutt          |    14 |    25 |    71 |     3 ||   113
       Rapier            |       |       |   266 |    34 ||   300
Invok: Berserk           |       |       |     1 |       ||     1
  Use: Potion            |     3 |     7 |     2 |       ||    12
       Scroll            |     1 |    10 |     2 |     4 ||    17
  Eat: Ration            |     1 |     1 |     4 |       ||     6
       Chunk             |       |     1 |       |       ||     1
Armor: Scale mail        |    40 |    27 |       |       ||    67
       Plate armour      |       |       |    92 |    13 ||   105
Dodge: Dodged            |    21 |    23 |    40 |     5 ||    89
Block: Shield            |    36 |    67 |   258 |    27 ||   388
       Reflection        |       |       |    13 |     1 ||    14
       Rpst.: Long sword |    11 |     6 |     6 |       ||    23
